 Dungeon Crawl Stone Soup version 0.27.1-33-g824d729ab1 (webtiles) character file.

Game seed: 10530500512998033122

62 MisterFreud the Magician (level 3, 0/24 HPs)
             Began as a Mummy Necromancer on Dec 19, 2021.
             Slain by a ball python (3 damage)
             ... on level 5 of the Dungeon.
             The game lasted 00:04:03 (2267 turns).

MisterFreud the Magician (Mummy Necromancer)        Turns: 2267, Time: 00:04:03

Health: 0/24       AC:  3    Str: 11    XL:     3   Next: 85%
Magic:  6/9        EV:  9    Int: 15    God:
Gold:   81         SH:  0    Dex: 12    Spells: 6/11 levels left

rFire    x . .     SeeInvis +   d - +0 dagger
rCold    + . .     Faith    .   (no shield)
rNeg     + + +     Spirit   .   a - +0 robe
rPois    ∞         Reflect  .   (no helmet)
rElec    .         Harm     .   (no cloak)
rCorr    .         Rampage  .   h - +0 pair of gloves
Will     .....                  (no boots)
Stlth    ++........             (no amulet)
HPRegen  0.08/turn              e - ring of see invisible
MPRegen  0.11/turn              g - ring of flight

@: flying, very slightly contaminated, constricted
A: cold resistance 1, negative energy resistance 3, torment resistance 2, heat
vulnerability 1, no potions
a: no special abilities


You were on level 5 of the Dungeon.
You visited 1 branch of the dungeon, and saw 5 of its levels.

You collected 81 gold pieces.

Inventory:

Hand Weapons
 d - a +0 dagger (weapon)
Armour
 a - a +0 robe (worn)
 h - a +0 pair of gloves (worn)
Jewellery
 e - a ring of see invisible (left hand)
 g - a ring of flight (right hand)
Scrolls
 b - 3 scrolls of identify {unknown}
 c - a scroll of summoning {unknown}
 f - a scroll of acquirement {unknown}
 i - a scroll of teleportation {unknown}


   Skills:
 - Level 1.5 Dodging
 - Level 1.5 Stealth
 * Level 4.6 Spellcasting
 + Level 4.5 Necromancy


You had 6 spell levels left.
You knew the following spells:

 Your Spells              Type           Power      Damage    Failure   Level
a - Pain                  Necr           68%        1d7       2%          1
b - Animate Skeleton      Necr           34%        N/A       2%          1
c - Vampiric Draining     Necr           8%         2d7       8%          3

Your spell library contained the following spells:

 Spells                   Type           Power      Damage    Failure   Level
 Blink                    Tloc           N/A        N/A       26%         2
 Animate Dead             Necr           8%         N/A       26%         4
 Lesser Beckoning         Tloc           1%         N/A       45%         3
 Agony                    Necr           17%        N/A       58%         5
 Manifold Assault         Tloc           3%         N/A       99%         5


Dungeon Overview and Level Annotations

Branches:
Dungeon (5/15)
 Temple: D:4-7

Altars:


Innate Abilities, Weirdness & Mutations

You are immune to poison.
Your flesh is cold resistant. (rC+)
You are immune to negative energy. (rN+++)
You are immune to unholy pain and torment.
You are vulnerable to heat. (rF-)
You do not drink.


Message History

You are sucked into a shaft and drop 1 floor!
The shaft crumbles and collapses.
A scorpion, a hobgoblin and an orc come into view.
The hobgoblin shouts!
The orc shouts!
Found a scroll labelled WAUG PUYROMUL and 20 stones.
The hobgoblin closely misses you. The hobgoblin barely misses you.
Found an escape hatch in the floor.
The scorpion stings you. The hobgoblin misses you. The scorpion stings you. x2
A ball python comes into view.
The ball python hisses angrily.
The orc hits you with a +0 mace.
An endoplasm comes into view.
The endoplasm jiggles.
The ball python closely misses you. The ball python grabs you.
The ball python constricts you. The ball python barely misses you.
The ball python constricts you. The scorpion stings you.
You escape the ball python's grasp.
There is an escape hatch in the floor here.
The ball python closely misses you. The ball python barely misses you.
The scorpion stings you.
You fly downwards.
The hatch slams shut behind you.
Casting: Pain (safe; 2% risk of failure)
Confirm with . or Enter, or press ? or * to list all spells.
The spell is quite dangerous to cast (8% risk of failure)!
Continue anyway? [Y]es or [N]o only, please.
The spell is quite dangerous to cast (8% risk of failure)!
Continue anyway?
Aiming: Vampiric Draining (quite dangerous; 8% risk of failure)
Press: ? - help, Shift-Dir - straight line, f - scorpion
Aim: a scorpion You miscast Vampiric Draining.
You are very lightly contaminated with residual magic.
Nothing appears to happen.
The ball python bites you but does no damage.
The ball python grabs you. The ball python constricts you.
The scorpion stings you.
* * * LOW HITPOINT WARNING * * *
The ball python bites you.
You die...

#######
#.....#
#...s.#
#..@..#
#.S...#
#.....#
#.....#
#.....#
#.....#
.......
........#


You could see a scorpion and a ball python.

Vanquished Creatures
  An adder (D:2)
  A worm (D:3)
  A dart slug (D:1)
  7 endoplasms
  2 giant cockroaches
  4 goblins
  3 hobgoblins
  5 kobolds (D:1)
  2 quokkas
  6 ball pythons
  4 bats
  3 frilled lizards
  5 rats
44 creatures vanquished.

Notes
Turn   | Place    | Note
-------+----------+-------------------------------------------
     0 | D:1      | MisterFreud the Mummy Necromancer began the quest for the
                  | Orb.
     0 | D:1      | Reached XP level 1. HP: 13/13 MP: 4/4
   224 | D:1      | Reached XP level 2. HP: 19/19 MP: 3/6
   315 | D:1      | Found a faded altar of an unknown god.
   615 | D:1      | Learned a level 1 spell: Animate Skeleton
   907 | D:1      | Reached XP level 3. HP: 24/24 MP: 5/8
  2013 | D:3      | Learned a level 3 spell: Vampiric Draining
  2252 | D:3      | You are sucked into a shaft and drop 1 floor!
  2252 | D:4      | Noticed a scorpion
  2266 | D:5      | Entered Level 5 of the Dungeon
  2267 | D:5      | Slain by a ball python

Illustrated notes

Levels and vault maps discovered:
D:1:      arrival_zaba_pyramid, layout_rooms,
          shapermc_ecumenical_altar_notcrosses, minmay_hedge_maze
D:2:      layout_loops_ring
D:3:      layout_basic
D:4:      layout_rooms, minmay_temple_entry_junction, minmay_liquid_box
D:5:      layout_basic, hangedman_abyss_or_decor_lesser_grid,
          uniq_prince_ribbit1

Skill      XL: |  1  2 |
---------------+-------+-----
Spellcasting   | 3 4 |  4.6
Dodging        | |  1.5
Stealth        | |  1.5
Necromancy     | |  4.5

Action                   || total
-------------------------++-------
Melee: Dagger            ||     5
 Cast: Pain              ||    92
       Animate Skeleton  ||     3
Armor: Robe              ||    10
Dodge: Dodged            ||    28
